Map: Last Remnant

Players

Sorin - Winner!

  • Race: Protoss Protoss
  • Spawn Location: 1:00

Hellscream - Winner!

  • Race: Zerg Zerg
  • Spawn Location: 12:00

Infamous - Winner!

  • Race: Protoss Protoss
  • League: Bronze
  • Spawn Location: 3:00

Hemmingsen - Winner!

  • Race: Zerg Zerg
  • Spawn Location: 12:00

DanteDeo

  • Race: Zerg Zerg
  • Spawn Location: 9:00

sweet

  • Race: Terran Terran
  • Spawn Location: 6:00

Ukina

  • Race: Protoss Protoss
  • Spawn Location: 7:00

Blazy

  • Race: Protoss Protoss
  • Spawn Location: 6:00

VOD

Have the link to the VOD?

Description

Time

  • Played on: Jan. 28, 2018, 6:41 p.m.
  • Length: 12:09
Show
View Real Time Build Order
Export as new Build Order

Sorin Protoss - Winner!

Build Orders: 1 Gate Expand 

Get SALT Encoding   

  12  0:14  Pylon  
  12  0:37  Gateway  
  12  0:40  Assimilator  
  12  1:31  Zealot (Chrono Boost)  
  12  1:32  Nexus  
  14  1:49  Zealot (Chrono Boost)  
  14  1:52  Cybernetics Core  
  16  2:16  Zealot  
  18  2:46  Zealot  
  20  3:00  Assimilator  
  20  3:05  Stargate  
  20  3:07  Probe x2  
  22  3:13  Zealot  
  16  4:14  Void Ray (Chrono Boost)  
  20  4:34  Assimilator  
  20  4:38  Assimilator  
  20  4:40  Probe x2  
  22  4:46  Void Ray (Chrono Boost)  
  22  4:47  Protoss Air Weapons Level 1 (Chrono Boost)  
  22  4:52  Probe x2  
  28  5:04  Probe x2  
  30  5:11  Pylon  
  30  5:15  Pylon  
  30  5:19  Probe  
  30  5:20  Probe  
  32  5:31  Probe  
  25  7:01  Stargate  
  25  7:04  Stargate  
  25  7:05  Stargate  
  25  7:06  Stargate  
  25  7:07  Probe  
  25  7:08  Probe  
  27  7:14  Protoss Air Armor Level 1 (Chrono Boost)  
  27  7:19  Probe  
  27  7:20  Probe  
  29  7:28  Void Ray (Chrono Boost)  
  33  7:31  Probe  
  33  7:32  Probe  
  35  7:43  Probe  
  37  7:44  Probe  
  37  7:55  Probe  
  37  7:56  Probe  
  37  7:58  Void Ray (Chrono Boost)  
  43  8:08  Probe x2  
  45  8:20  Probe x2  
  47  8:32  Probe  
  48  8:43  Void Ray  
  48  8:47  Nexus  
  52  8:49  Assimilator  
  52  8:53  Assimilator  
  52  8:56  Pylon  
  52  8:58  Pylon  
  52  9:03  Pylon  
  52  9:57  Void Ray x3  
  52  9:58  Void Ray x2  
  72  10:40  Void Ray x2  
  80  11:19  Void Ray x3  
Show
View Real Time Build Order
Export as new Build Order

Hellscream Zerg - Winner!

Build Orders: Pool First 

Get SALT Encoding   

  12  0:01  Drone  
  13  0:11  Drone  
  14  0:17  Overlord  
  14  0:40  Drone, Spawning Pool  
  14  0:41  Drone  
  15  0:50  Drone  
  15  0:56  Extractor  
  15  0:57  Drone  
  16  1:02  Drone  
  17  1:13  Drone  
  18  1:27  Hatchery  
  18  1:28  Drone  
  18  1:36  Queen  
  20  1:46  Overlord  
  20  1:50  Zergling x2  
  21  1:56  Zergling x2  
  22  2:09  Zergling x2  
  20  2:25  Zergling x2  
  21  2:33  Queen  
  23  2:39  Drone x2  
  23  2:42  Queen  
  27  2:45  Drone  
  28  2:56  Extractor, Metabolic Boost  
  27  3:04  Drone  
  27  3:05  Drone x3  
  31  3:23  Drone x2  
  31  3:24  Drone x2  
  35  3:29  Roach Warren  
  35  3:32  Evolution Chamber  
  35  3:33  Lair  
  33  3:45  Drone x3  
  36  4:12  Overlord x3  
  34  4:27  Zergling x2  
  34  4:28  Zergling x2  
  34  4:30  Zergling x8  
  34  4:31  Zergling x6  
  42  4:45  Zerg Missile Weapons Level 1  
  42  4:52  Evolution Chamber, Glial Reconstitution  
  41  4:58  Hydralisk Den  
  40  5:00  Drone  
  40  5:01  Drone x3  
  40  5:04  Extractor  
  40  5:05  Extractor  
  42  5:12  Drone x2  
  44  5:14  Drone x2  
  44  5:19  Zerg Ground Armor Level 1  
  46  5:24  Pneumatized Carapace  
  46  5:26  Overseer  
  46  5:45  Muscular Augments  
  46  5:53  Drone  
  46  5:54  Drone x5  
  52  5:59  Hatchery  
  50  6:17  Hydralisk  
  50  6:18  Hydralisk x3  
  58  6:35  Drone  
  58  6:36  Overlord  
  58  6:37  Overlord x3  
  59  6:59  Hydralisk  
  59  7:00  Hydralisk, Roach  
  59  7:01  Roach  
  67  7:16  Zerg Ground Armor Level 2, Zerg Missile Weapons Level 2  
  67  7:24  Queen  
  69  7:36  Extractor, Hydralisk x2  
  69  7:37  Hydralisk, Roach x2  
  70  7:38  Roach  
  70  7:40  Extractor  
  79  7:56  Hydralisk x2  
  79  7:57  Hydralisk, Roach x2  
  88  8:00  Roach  
  86  8:16  Hydralisk x2  
  86  8:17  Roach x2  
  91  8:23  Hydralisk, Roach  
  95  8:29  Hydralisk  
  96  8:43  Hydralisk  
  96  8:44  Overlord  
  96  8:45  Overlord x2  
  93  8:56  Hydralisk x2  
  93  8:57  Roach  
  95  9:06  Hydralisk  
  95  9:07  Roach  
  95  9:08  Roach  
  101  9:24  Hydralisk x2  
  101  9:25  Roach x2  
  101  9:26  Roach  
  111  9:36  Hydralisk, Roach  
  111  9:37  Roach  
  113  9:52  Overlord x3  
  113  10:21  Hydralisk x2  
  113  10:22  Hydralisk x2, Roach x3  
  113  10:23  Roach x2  
  131  10:37  Hydralisk x2, Roach  
  131  10:38  Zergling x2  
  138  11:16  Overlord x5  
  138  11:17  Overlord x3  
  138  11:34  Hydralisk, Roach  
  138  11:37  Hydralisk  
  138  11:38  Hydralisk, Roach x2  
Show
View Real Time Build Order
Export as new Build Order

Infamous Protoss - Winner!

Build Orders: Nexus First 

Get SALT Encoding   

  12  0:01  Probe (Chrono Boost)  
  13  0:13  Probe (Chrono Boost)  
  14  0:21  Pylon, Probe (Chrono Boost)  
  15  0:39  Probe  
  16  0:53  Probe  
  17  1:01  Nexus  
  17  1:05  Probe (Chrono Boost)  
  17  1:10  Assimilator  
  18  1:17  Probe (Chrono Boost)  
  19  1:25  Assimilator  
  19  1:42  Probe  
  20  1:52  Pylon  
  20  1:54  Probe, Gateway  
  21  2:09  Probe (Chrono Boost)  
  23  2:16  Probe (Chrono Boost)  
  23  2:19  Probe (Chrono Boost)  
  24  2:24  Assimilator  
  24  2:25  Probe (Chrono Boost)  
  24  2:29  Probe (Chrono Boost)  
  26  2:30  Probe (Chrono Boost)  
  27  2:40  Probe  
  27  2:41  Probe, Cybernetics Core  
  29  2:52  Probe  
  29  2:54  Probe  
  31  2:59  Zealot  
  31  3:04  Probe  
  34  3:06  Probe  
  35  3:16  Pylon  
  35  3:17  Probe (Chrono Boost)  
  36  3:20  Pylon  
  36  3:24  Assimilator  
  36  3:27  Probe (Chrono Boost)  
  38  3:28  Probe (Chrono Boost)  
  38  3:33  Probe (Chrono Boost), Warp Gate  
  40  3:34  Probe (Chrono Boost)  
  40  3:40  Stargate  
  40  3:44  Stargate  
  40  3:45  Probe x2  
  42  3:57  Probe  
  43  4:03  Forge  
  43  4:09  Probe (Chrono Boost)  
  44  4:10  Probe (Chrono Boost)  
  45  4:20  Stargate  
  45  4:27  Probe (Chrono Boost)  
  45  4:30  Void Ray (Chrono Boost)  
  54  4:33  Void Ray (Chrono Boost)  
  55  4:39  Probe (Chrono Boost)  
  55  4:48  Protoss Ground Weapons Level 1  
  55  5:06  Probe  
  60  5:11  Probe, Void Ray (Chrono Boost)  
  61  5:20  Pylon  
  61  5:23  Probe  
  61  5:24  Pylon  
  61  5:28  Pylon  
  62  5:38  Probe, Void Ray (Chrono Boost)  
  71  5:44  Void Ray (Chrono Boost)  
  75  5:53  Void Ray (Chrono Boost), Fleet Beacon  
  75  6:14  Probe  
  76  6:18  Gateway  
  76  6:22  Gateway  
  76  6:24  Gateway  
  76  6:29  Gateway  
  76  6:38  Anion Pulse-Crystals  
  84  6:49  Void Ray x2 (Chrono Boost)  
  84  7:12  Probe  
  85  7:20  Nexus  
  85  7:23  Assimilator  
  85  7:27  Assimilator  
  85  7:42  Graviton Catapult  
  85  7:50  Probe (Chrono Boost)  
  86  8:01  Pylon  
  86  8:04  Pylon  
  86  8:19  Void Ray x2  
  94  8:22  Void Ray  
  106  8:38  Mothership (Chrono Boost)  
  106  9:02  Void Ray x2  
  114  9:04  Probe (Chrono Boost)  
  116  9:14  Probe x2 (Chrono Boost)  
  117  9:35  Pylon  
  117  9:37  Void Ray  
  117  9:38  Pylon  
  117  9:40  Probe  
  117  9:42  Pylon  
  114  9:52  Probe  
  115  9:53  Void Ray (Chrono Boost)  
  115  9:54  Void Ray (Chrono Boost)  
  123  10:04  Probe  
  124  10:16  Probe  
  124  10:17  Void Ray (Chrono Boost)  
  129  10:29  Void Ray (Chrono Boost)  
  129  10:32  Void Ray (Chrono Boost)  
  137  10:50  Void Ray (Chrono Boost)  
  141  11:22  Nexus  
  141  11:24  Assimilator  
  141  11:28  Assimilator  
Show
View Real Time Build Order
Export as new Build Order

Hemmingsen Zerg - Winner!

Build Orders: Pool First 

Get SALT Encoding   

  12  0:18  Extractor  
  11  0:28  Evolution Chamber  
  10  0:41  Spawning Pool  
  9  1:25  Hatchery  
  8  2:41  Zergling x2  
  9  2:56  Zergling x2  
  10  3:27  Zergling x6  
  13  4:20  Overlord x2  
  13  4:21  Overlord  
  13  7:48  Drone  
  13  7:49  Drone x2  
  16  8:38  Hatchery  
  15  9:58  Drone  
  16  10:44  Roach Warren  
  15  11:09  Drone x3  
Show
View Real Time Build Order
Export as new Build Order

DanteDeo Zerg 

Build Orders: Pool First 

Get SALT Encoding   

  12  0:03  Drone  
  13  0:09  Drone  
  14  0:18  Overlord  
  14  0:41  Spawning Pool  
  13  0:47  Overlord  
  13  1:04  Extractor  
  12  1:09  Extractor  
  11  1:27  Zergling x2  
  11  1:28  Zergling x4  
  14  1:41  Drone  
  12  2:36  Zergling x6  
  15  2:38  Queen  
  17  3:12  Drone x3  
  20  3:33  Lair  
  20  4:47  Zergling x4  
  20  4:48  Zergling x2, Infestation Pit  
  22  5:13  Drone x2  
  24  5:24  Hive  
  24  5:52  Spire  
  23  6:17  Hatchery  
  22  6:47  Ultralisk Cavern  
  21  6:54  Spore Crawler  
  21  6:58  Spore Crawler  
  21  6:59  Drone  
  21  7:00  Drone x3  
  21  7:01  Drone x2  
  25  7:21  Mutalisk  
  27  7:35  Mutalisk x2  
  30  8:00  Mutalisk x2  
  23  8:19  Mutalisk x2  
Show
View Real Time Build Order
Export as new Build Order

sweet Terran 

Build Orders:  

Get SALT Encoding   

  12  0:21  Supply Depot  
  12  0:28  SCV  
  13  0:40  SCV  
  14  0:46  Supply Depot  
  14  0:52  SCV  
  15  1:04  SCV  
  16  1:13  Supply Depot  
  16  1:16  SCV  
  17  1:24  Refinery  
  17  1:28  SCV  
  17  1:29  Refinery  
  18  1:38  Supply Depot  
  18  1:40  SCV  
  19  1:53  SCV  
  20  1:59  Barracks  
  20  2:00  Supply Depot  
  20  2:05  SCV  
  21  2:14  Barracks  
  21  2:17  SCV  
  22  2:26  Barracks  
  22  2:29  SCV  
  23  2:39  Barracks  
  23  2:41  SCV  
  24  2:53  Barracks, SCV  
  24  2:54  Barracks Tech Lab  
  25  3:05  SCV  
  26  3:06  Barracks  
  26  3:21  Barracks  
  26  3:28  Barracks  
  26  3:48  Engineering Bay  
  26  3:55  Barracks Reactor x3, Engineering Bay  
  26  3:56  Barracks Reactor x2  
  26  4:29  Command Center  
  26  4:46  Missile Turret  
  26  4:51  Missile Turret  
  26  5:11  Missile Turret x2  
  26  5:15  Missile Turret  
  26  5:19  Missile Turret  
  26  5:24  Missile Turret  
  26  5:29  Missile Turret  
  26  6:01  Hi-Sec Auto Tracking  
  26  6:06  Terran Infantry Armor Level 1  
  25  6:58  Neosteel Frame  
  25  7:33  Missile Turret  
  25  7:34  Missile Turret  
  25  7:36  Missile Turret  
  25  7:42  Missile Turret  
  25  7:57  Missile Turret  
  25  8:00  Terran Infantry Weapons Level 1  
  25  8:01  Marine x5  
  25  8:02  Marine x4, Missile Turret  
  25  8:03  Marine x2  
  36  8:17  Building Armor  
  36  8:20  Missile Turret  
  36  8:28  Missile Turret  
  36  8:29  Planetary Fortress  
  36  8:40  Missile Turret  
  36  9:00  Marine  
  36  9:01  Marine x5  
  36  9:02  Marine x5  
  45  9:03  Marine  
  50  9:17  Marauder  
  50  9:18  Marine x2  
  50  9:19  Marine x5  
  50  9:20  Marine x4  
  61  9:36  Marine  
  61  9:37  Marine x4  
  61  9:38  Marine x2, Marauder  
  51  9:40  Marine  
  31  9:54  Marine x2  
  31  9:59  Marauder  
  11  10:23  SCV  
  6  10:33  Command Center  
  6  10:35  SCV  
  7  10:40  Command Center  
  7  10:47  SCV  
  7  10:48  Engineering Bay  
  8  10:59  SCV  
  9  11:11  SCV  
  10  11:20  Missile Turret  
  10  11:23  Missile Turret  
  10  11:24  SCV  
  11  11:30  Missile Turret  
  11  11:36  SCV  
Show
View Real Time Build Order
Export as new Build Order

Ukina Protoss 

Build Orders: Nexus First 

Get SALT Encoding   

  12  0:56  Probe, Nexus  
  13  1:02  Pylon  
  13  1:04  Assimilator  
  13  1:08  Probe  
  14  1:21  Assimilator  
  14  1:30  Pylon  
  14  1:45  Pylon  
  14  1:51  Probe  
  15  2:03  Probe  
  16  2:10  Probe  
  17  2:18  Probe  
  17  2:22  Probe  
  19  2:30  Probe  
  19  2:34  Pylon, Probe  
  21  2:42  Probe  
  22  2:46  Probe  
  23  2:54  Probe  
  23  2:55  Forge  
  25  2:58  Probe  
  25  3:01  Gateway  
  25  3:04  Pylon  
  25  3:06  Probe  
  25  3:09  Pylon  
  25  3:10  Probe  
  27  3:19  Pylon  
  27  3:22  Probe  
  27  3:25  Pylon  
  28  3:29  Pylon  
  28  3:34  Pylon  
  28  3:47  Photon Cannon  
  28  3:56  Photon Cannon  
  28  4:12  Photon Cannon  
  28  4:15  Photon Cannon  
  28  4:18  Assimilator  
  28  4:22  Assimilator  
  28  4:28  Pylon  
  28  4:33  Pylon  
  28  4:43  Probe  
  29  4:48  Probe  
  30  4:55  Probe  
  30  4:57  Cybernetics Core  
  31  5:00  Probe  
  31  5:01  Cybernetics Core  
  31  5:02  Zealot  
  34  5:07  Probe  
  35  5:28  Protoss Ground Weapons Level 1  
  35  5:46  Photon Cannon  
  35  5:51  Photon Cannon  
  35  5:52  Photon Cannon  
  35  5:55  Photon Cannon  
  35  6:03  Probe  
  36  6:15  Probe  
  37  6:28  Probe  
  38  6:36  Stalker  
  40  6:40  Probe, Stargate  
  40  6:44  Pylon, Stargate  
  40  6:45  Protoss Air Weapons Level 1  
  40  6:46  Assimilator, Protoss Air Armor Level 1  
  41  6:52  Probe, Pylon  
  42  6:56  Stargate  
  42  6:57  Stargate  
  42  7:03  Probe  
  42  7:04  Stargate  
  42  7:06  Stalker  
  45  7:15  Probe  
  46  7:16  Probe  
  47  7:27  Probe, Nexus  
  47  7:28  Probe  
  49  7:32  Photon Cannon  
  49  7:35  Photon Cannon  
  49  7:39  Probe  
  49  7:40  Pylon  
  49  7:41  Probe  
  51  7:51  Probe  
  51  7:53  Probe  
  53  7:58  Void Ray  
  53  7:59  Void Ray x2  
  65  8:08  Pylon  
  65  8:15  Stargate  
  65  8:19  Stargate  
  65  8:25  Stargate  
  65  8:27  Pylon  
  65  8:35  Stargate  
  65  8:47  Void Ray x4  
  65  8:48  Void Ray  
Show
View Real Time Build Order
Export as new Build Order

Blazy Protoss 

Build Orders:  

Get SALT Encoding   

  12  0:01  Probe (Chrono Boost)  
  13  0:11  Probe (Chrono Boost)  
  14  0:16  Probe (Chrono Boost)  
  15  0:23  Pylon  
  15  0:37  Assimilator  
  15  0:40  Assimilator  
  15  0:43  Probe  
  16  0:53  Gateway  
  16  0:55  Probe  
  17  1:08  Probe (Chrono Boost)  
  18  1:17  Forge  
  18  1:18  Probe (Chrono Boost)  
  19  1:23  Probe (Chrono Boost)  
  20  1:37  Probe  
  21  1:43  Cybernetics Core  
  21  1:49  Probe  
  22  2:01  Probe  
  23  2:19  Photon Cannon  
  23  2:22  Photon Cannon  
  23  2:40  Stargate  
  23  2:41  Stargate  
  23  2:47  Pylon  
  23  2:50  Pylon  
  23  2:55  Pylon  
  23  3:05  Protoss Air Weapons Level 1 (Chrono Boost)  
  23  3:33  Void Ray  
  27  3:37  Nexus  
  27  3:40  Assimilator  
  27  3:44  Assimilator  
  27  3:46  Pylon  
  19  4:08  Photon Cannon  
  15  4:12  Probe  
  14  4:37  Probe (Chrono Boost)  
  14  4:48  Probe (Chrono Boost)  
  15  4:54  Probe (Chrono Boost)  
  16  5:04  Probe (Chrono Boost)  
  16  5:05  Probe (Chrono Boost)  
  18  5:13  Probe x2 (Chrono Boost)  
  20  5:20  Probe (Chrono Boost)  
  21  5:32  Probe (Chrono Boost)  
  22  5:40  Probe (Chrono Boost)  
  23  5:46  Probe  
  24  6:02  Probe (Chrono Boost)  
  24  6:03  Probe (Chrono Boost)  
  27  6:13  Probe (Chrono Boost)  
  27  6:14  Probe (Chrono Boost)  
  27  6:17  Probe (Chrono Boost)  
  28  6:23  Probe  
  30  6:29  Probe  
  31  6:35  Probe, Void Ray x2  
  40  6:59  Probe  
  41  7:10  Fleet Beacon  
  41  7:18  Void Ray  
  41  7:20  Photon Cannon  
  45  7:45  Void Ray  
  49  8:01  Void Ray  
Tags
 
Add a new tag
Caveats
  • Supply blocks, unpowered buildings, or Contaminate may cause inaccurate times.
  • Supply counts are checked every 10 seconds.